 Dungeon Crawl Stone Soup version 0.22-a0-422-g9628fc8 (webtiles) character file.

33 4thArraOfDagon the Magician (level 3, -4/24 HPs)
             Began as a Mummy Fire Elementalist on May 16, 2018.
             Was an Initiate of Sif Muna.
             Killed from afar by an orc wizard (9 damage)
             ... with a puff of flame
             ... on level 4 of the Dungeon.
             The game lasted 00:02:15 (535 turns).

4thArraOfDagon the Magician (MuFE)                   Turns: 535, Time: 00:02:15

Health: -4/24      AC:  2    Str: 11    XL:     3   Next: 12%
Magic:  7/7        EV: 12    Int: 15    God:    Sif Muna [......]
Gold:   17         SH:  0    Dex: 12    Spells: 4/8 levels left

rFire    x . .     SeeInvis .   b - -3 whip (curse)
rCold    + . .     Gourm    .   (no shield)
rNeg     + + +     Faith    .   a - +0 robe
rPois    ∞         Spirit   .   (no helmet)
rElec    .         Reflect  .   (no cloak)
rCorr    .         Harm     .   (no gloves)
MR       .....                  (no boots)
Stlth    ++........             (no amulet)
HPRegen  0.08/turn              (no ring)
MPRegen  0.10/turn              (no ring)

@: no status effects
A: no food or potions, fire vulnerability, cold resistance 1, negative energy
resistance 3, torment resistance, unbreathing
a: Renounce Religion


You were on level 4 of the Dungeon.
You worshipped Sif Muna.
Sif Muna was noncommittal.
You were not hungry.

You visited 2 branches of the dungeon, and saw 5 of its levels.

You collected 17 gold pieces.

Inventory:

Hand Weapons
 b - a cursed -3 whip (weapon)
Armour
 a - a +0 robe (worn)
Scrolls
 c - a scroll of fog {unknown}
 d - a scroll of teleportation {unknown}
 e - a scroll of remove curse {unknown}


   Skills:
 - Level 1.5 Dodging
 - Level 1.5 Stealth
 + Level 3.1 Spellcasting
 * Level 1.6 Conjurations
 * Level 2.9 Fire Magic


You had 4 spell levels left.
You knew the following spells:

 Your Spells              Type           Power        Failure   Level  Hunger
a - Flame Tongue          Conj/Fire      #....        8%          1    N/A
b - Conjure Flame         Conj/Fire      #.......     22%         3    N/A

Your spell library contained the following spells:

 Spells                   Type           Power        Failure   Level  Hunger
 Fireball                 Conj/Fire      #.........   91%         5    N/A
 Throw Flame              Conj/Fire      #.....       12%         2    N/A
 Sticky Flame             Conj/Fire      #.......     58%         4    N/A
 Inner Flame              Hex/Fire       #.......     32%         3    N/A

Dungeon Overview and Level Annotations

Branches:
Dungeon (4/15)             Temple (1/1) D:4

Altars:
Gozag
Kikubaaqudgha
Qazlal
Sif Muna
Trog


Innate Abilities, Weirdness & Mutations

You do not eat or drink.
Your flesh is vulnerable to fire.
You are immune to poison.
Your flesh is cold resistant. (rC+)
You are immune to negative energy. (rN+++)
You are immune to unholy pain and torment.
You can survive without breathing.


Message History

The orc wizard points at you and mumbles some strange words.
The magic dart hits you!
The orc wizard casts a cantrip, but nothing happens.
Unknown command.
Unknown command.
Unknown command.
Unknown command.
Unknown command.
The orc wizard points at you and mumbles some strange words.
The puff of flame hits you! The fire burns you terribly!
Ouch! That really hurt!
* * * LOW HITPOINT WARNING * * *
Unknown command.
You see here a ring mail.
Unknown command.
Unknown command.
The orc shouts!
The orc wizard casts a spell at you. The puff of flame hits you!
The fire burns you terribly!
You die...

.#.#.....(.............##
.#.#.....#####..........#
.#.#.....# #.+..........#
.#.##....# #.#.........%#
.#.##....# #...⌠........#
#............#
##+#####.⌠.>.†......#
#....o.........######
#####o.....o.o.§@[.#
....'...........#.##
..###.............# ..
#..........#### ..
#..........# ..
##+######### o. .o .o


You could see an orc wizard and 2 orcs.

Vanquished Creatures
  An ooze (D:1)
  2 leopard geckos
  A ball python (D:2)
  2 bats (D:1)
  A giant cockroach (D:1)
  3 goblins
  A hobgoblin (D:1)
  6 jackals
  2 frilled lizards
  2 kobolds (D:1)
  3 rats
24 creatures vanquished.

Vanquished Creatures (others)
  A rat (D:2)
1 creature vanquished.

Grand Total: 25 creatures vanquished

Notes
Turn   | Place    | Note
-------+----------+-------------------------------------------
     0 | D:1      | 4thArraOfDagon the Mummy Fire Elementalist began the quest for the Orb.
     0 | D:1      | Reached XP level 1. HP: 13/13 MP: 4/4
    82 | D:1      | Reached skill level 1 in Conjurations
   175 | D:1      | Reached XP level 2. HP: 17/19 MP: 2/5
   234 | D:1      | Reached skill level 3 in Spellcasting
   417 | D:4      | Reached XP level 3. HP: 17/24 MP: 3/7
   422 | D:4      | Learned a level 3 spell: Conjure Flame
   425 | D:4      | Found a staircase to the Ecumenical Temple.
   434 | Temple   | Entered the Ecumenical Temple
   456 | Temple   | Became a worshipper of Sif Muna the Loreminder
   535 | D:4      | Killed from afar by an orc wizard

Vault maps used:
D:1:      dpeg_arrival_rooms_with_view, grunt_decor_mini_mirrors
D:2:      elyvilon_altar_4, first_ration
D:3:      tso_altar
D:4:      temple_fountains, minmay_misc_feat_doors, st_stairs_7,
          minmay_misc_feat_rugged
Temple:   regret_index_temple_waves

Skill      XL: |  1  2 |
---------------+-------+-----
Conjurations   | 1 |  1.6
Spellcasting   | 3 |  3.1
Dodging        | |  1.5
Stealth        | |  1.5
Fire Magic     | |  2.9

Action                   || total
-------------------------++-------
Melee: Unarmed           ||     9
       Whip              ||    12
 Cast: Flame Tongue      ||    33
Armor: Robe              ||     7
Dodge: Dodged            ||    30

Table legend:
 A = Spawn XP
 B = Non-spawn XP
 C = Spawn XP percentage of total XP
 D = Spawn monster count
 E = Non-spawn monster count
 F = Spawn count percentage of total count
 G = Total turns spent on level
                    A         B        C        D         E        F      G
               +---------+---------+-------+---------+---------+-------+---------
         Total |       0 |      48 |   0.0 |       0 |      24 |   0.0 |   535
               +---------+---------+-------+---------+---------+-------+---------
           D:1 |       0 |      32 |   0.0 |       0 |      16 |   0.0 |   310
           D:2 |       0 |       8 |   0.0 |       0 |       4 |   0.0 |    65
           D:4 |       0 |       8 |   0.0 |       0 |       4 |   0.0 |   105
               +---------+---------+-------+---------+---------+-------+---------
